 Dungeon Crawl Stone Soup version 0.29-a0-322-g68df515428 (webtiles) character file.

Game seed: 5543519845643096500

251552 Murumi the Unseen (level 20, -16/167 HPs)
             Began as a Formicid Fighter on Apr 7, 2022.
             Was the Champion of Okawaru.
             Killed from afar by an ironbound thunderhulk (44 damage)
             ... with a bolt of lightning
             ... on level 1 of the Vaults on Apr 8, 2022.
             The game lasted 03:07:21 (49381 turns).

Murumi the Unseen (Formicid Fighter)               Turns: 49381, Time: 03:07:21

Health: -16/167    AC: 34    Str: 27    XL:     20   Next: 93%
Magic:  7/7        EV: 13    Int: 15    God:    Okawaru [******]
Gold:   2120       SH: 24    Dex: 25    Spells: 32/35 levels left

rFire   . . .      SeeInvis +   j - +5 demon whip "Spellbinder" {antimagic, Will+}
rCold   . . .      Faith    +   u - +0 tower shield
rNeg    + + +      Spirit   .   N - +4 shadow dragon scales
rPois   .          Reflect  .   (helmet unavailable)
rElec   .          Harm     +   a - +2 cloak of Coin {Harm}
rCorr   .          Rampage  .   E - +2 pair of gloves {Dex+3}
Will    +++++                   w - +2 pair of boots of Gestures {-Tele +Inv rN+++ MP-9}
Stlth   +++++++++.              x - amulet of faith
HPRegen 0.37/turn               z - ring of Suspicion {Will+ Int+4 Dex+6}
MPRegen 0.10/turn               A - ring "Soow" {Will+ Dex+6}

@: no status effects
A: permanent stasis, dig shafts and tunnels, antennae 3, four strong arms, dopey
1, strong 1
}: 1/15 runes: barnacled
a: Dig, Shaft Self, Renounce Religion, Evoke Invisibility, Heroism, Finesse,
Duel


You were on level 1 of the Vaults.
You worshipped Okawaru.
Okawaru was exalted by your worship.
You visited 7 branches of the dungeon, and saw 31 of its levels.
You also visited: Ossuary, Bailey and Gauntlet.

You collected 3356 gold pieces.
You spent 1236 gold pieces at shops.

Inventory:

Hand Weapons
 j - the +5 demon whip "Spellbinder" (weapon) {antimagic, Will+}
   (You found it on level 2 of the Dungeon)

   It reduces the magical energy of the wielder, and disrupts the spells and
   magical abilities of those it strikes.
   Natural abilities and divine invocations are not affected.
   It unleashes wild and unpredictable magical effects upon striking a wizard or
   a creature with magical abilities.
   Will:      It increases your willpower.
 O - a +2 great mace of electrocution
 Q - the +11 great mace of Resourcefulness {vorpal, Int-4 Dex+2 SInv}
   (Okawaru gifted it to you on level 4 of the Shoals)

   It inflicts extra damage upon your enemies.
   Int:       It affects your intelligence (-4).
   Dex:       It affects your dexterity (+2).
   SInv:      It lets you see invisible.
 U - a +2 vorpal great mace
Missiles
 g - 11 throwing nets
Armour
 a - the +2 cloak of Coin (worn) {Harm}
   (You found it in a Gauntlet)

   Harm:      It increases damage dealt and taken.
 u - a +0 tower shield (worn)
 w - the +2 pair of boots of Gestures (worn) {-Tele +Inv rN+++ MP-9}
   (You found it in a bailey)

   rN:        It renders you almost immune to negative energy.
   MP:        It affects your magic capacity (-9).
   +Inv:      It lets you turn invisible.
   -Tele:     It prevents most forms of teleportation.
 E - a +2 pair of gloves of dexterity (worn)
 N - +4 shadow dragon scales (worn)
Jewellery
 h - a ring of protection from fire
 k - an amulet of regeneration
 r - a ring of protection from fire
 x - an amulet of faith (around neck)
 y - a +4 ring of evasion
 z - the ring of Suspicion (left hand) {Will+ Int+4 Dex+6}
   (You took it off a minotaur in a Gauntlet)

   [ring of willpower]

   Int:       It affects your intelligence (+4).
   Dex:       It affects your dexterity (+6).
   Will:      It increases your willpower.
 A - the ring "Soow" (right hand) {Will+ Dex+6}
   (You found it on level 1 of the Orcish Mines)

   [ring of dexterity]

   Dex:       It affects your dexterity (+6).
   Will:      It increases your willpower.
 G - an amulet of guardian spirit
 P - an amulet of reflection
 T - the ring of Moodiness {Fly rPois Int+6}
   (You found it on level 4 of the Shoals)

   [ring of intelligence]

   Int:       It affects your intelligence (+6).
   rPois:     It protects you from poison.
   Fly:       It grants you flight.
Wands
 c - a wand of polymorph (12)
 q - a wand of iceblast (20)
 t - a wand of flame (26)
 D - a wand of paralysis (12)
 H - a wand of digging (8)
 L - a wand of mindburst (12)
 S - a wand of acid (5)
Scrolls
 s - 4 scrolls of holy word
 C - a scroll of magic mapping
 F - a scroll of fear
 I - a scroll of fog
 M - 3 scrolls of silence
Potions
 b - 10 potions of brilliance
 d - 9 potions of might
 e - a potion of invisibility
 f - 5 potions of ambrosia
 i - 21 potions of curing
 l - 4 potions of mutation
 m - 4 potions of lignification
 n - 3 potions of resistance
 o - 2 potions of cancellation
 p - 2 potions of heal wounds
 v - 10 potions of attraction
 B - 5 potions of magic
Miscellaneous
 J - a phial of floods
 K - a tin of tremorstones (2/2)
 R - a piece from Xom's chessboard (15/15)


   Skills:
 + Level 16.8 Fighting
 - Level 14.0 Maces & Flails
 - Level 16.0 Armour
 - Level 7.0 Dodging
 - Level 19.0 Stealth
 - Level 19.0 Shields
 - Level 8.0 Spellcasting
 - Level 7.0 Translocations
 - Level 11.0 Invocations
 - Level 10.0 Evocations


You had 32 spell levels left.
You knew the following spells:

 Your Spells              Type           Power      Damage    Failure   Level
a - Lesser Beckoning      Tloc           27%        N/A       14%         3

Your spell library contained the following spells:

 Spells                   Type           Power      Damage    Failure   Level
 Apportation              Tloc           54%        N/A       4%          1
 Gell's Gravitas          Tloc           27%        N/A       14%         3
 Teleport Other           Tloc           27%        N/A       14%         3
 Beastly Appendage        Tmut           12%        N/A       63%         1
 Freeze                   Ice            24%        1d5       63%         1
 Corpse Rot               Necr/Air       12%        N/A       77%         2
 Poisonous Vapours        Pois/Air       12%        N/A       77%         2
 Static Discharge         Conj/Air       6%         N/A       77%         2
 Wereblood                Tmut           6%         N/A       77%         2
 Iskenderun's Mystic Bla  Conj/Tloc      16%        2d5       88%         4
 Dazzling Flash           Conj/Hex       12%        N/A       94%         3
 Frozen Ramparts          Ice            12%        1d3       94%         3
 Ozocubu's Armour         Ice            6%         N/A       94%         3
 Spider Form              Tmut/Pois      6%         N/A       94%         3
 Airstrike                Air            3%         N/A       100%        4
 Anguish                  Hex/Necr       3%         N/A       100%        4
 Dispel Undead            Necr           6%         3d8       100%        4
 Fulminant Prism          Conj/Hex       3%         3d6       100%        4
 Hailstorm                Conj/Ice       6%         3d4       100%        4
 Ice Form                 Ice/Tmut       6%         N/A       100%        4
 Leda's Liquefaction      Hex/Erth       3%         N/A       100%        4
 Sticky Flame             Conj/Fire      6%         2d3       100%        4
 Lee's Rapid Deconstruct  Erth           3%         3d6*      100%        5
 Lightning Bolt           Conj/Air       3%         1d14      100%        5
 Dispersal                Tloc           13%        N/A       100%        6
 Starburst                Conj/Fire      3%         6d3       100%        6
 Statue Form              Tmut/Erth      4%         N/A       100%        6
 Enfeeble                 Hex            3%         N/A       100%        7
 Ozocubu's Refrigeration  Ice            3%         4d5       100%        7
 Disjunction              Tloc           13%        N/A       100%        8
 Maxwell's Capacitive Co  Air            3%         ∞         100%        8
 Animate Skeleton         Necr           Unusable   N/A       N/A         1
 Summon Small Mammal      Summ           Unusable   N/A       N/A         1
 Tukima's Dance           Hex            Unusable   N/A       N/A         3
 Summon Lightning Spire   Summ/Air       Unusable   N/A       N/A         4
 Simulacrum               Ice/Necr       Unusable   N/A       N/A         6

Dungeon Overview and Level Annotations

Branches:
Dungeon (15/15)            Temple (1/1) D:6            Lair (6/6) D:9
 Shoals (4/4) Lair:2       Spider (0/4) Lair:3        Slime (0/5) Lair:5
    Orc (2/2) D:11            Elf (2/3) Orc:2        Vaults (1/5) D:13
 Depths (0/4) D:15        Ossuary (visited)          Bailey (visited)
Gauntlet (visited)

Altars:
Ashenzari
Cheibriados
Dithmenos
Elyvilon
Fedhas
Gozag
Hepliaklqana
Kikubaaqudgha
Makhleb
Nemelex Xobeh
Okawaru
Qazlal
Ru
Sif Muna
Trog
Uskayaw
Vehumet
Wu Jian
Xom
Yredelemnul
Zin
The Shining One
Beogh
Jiyva

Shops:
D:1 :   D:10 (   D:12 [   Orc:2 :(([(   Elf:1 (   Elf:2 !   Shoals:2 *
Shoals:4 (


Innate Abilities, Weirdness & Mutations

You cannot be hasted, slowed, berserked, paralysed or teleported.
You can dig through walls and to a lower floor.
You have a pair of large antennae on your head. (SInv)
Your four strong arms can wield two-handed weapons with a shield.
You are dopey. (Int -2)
Your muscles are strong. (Str +2)


Message History

You whack the dire elephant!
The dire elephant is severely wounded.
An ironbound thunderhulk comes into view.
It is wielding a +0 dire flail.
You block the dire elephant's attack. x2
You whack the dire elephant!
The dire elephant is severely wounded.
The dire elephant tramples you but does no damage.
You block the dire elephant's attack.
You thrash the dire elephant!!
You kill the dire elephant!
Okawaru accepts your kill.
Electricity crackles from the ironbound thunderhulk's apparatus.
The bolt of lightning hits you!!
You are too injured to fight recklessly!
You whack the yaktaur!
The yaktaur is moderately wounded.
Electricity crackles from the ironbound thunderhulk's apparatus.
The bolt of lightning misses you.
The wizard howls an incantation.
The wizard shimmers violently.
The yaktaur hits you but does no damage.
You whack the yaktaur!
The yaktaur is severely wounded.
You whack the yaktaur!
The yaktaur is almost dead.
You block the yaktaur's attack.
You whack the yaktaur!
You kill the yaktaur!
Okawaru accepts your kill.
You barely miss the wizard. You miss the wizard. You block the wizard's attack.
Electricity crackles from the ironbound thunderhulk's apparatus.
The bolt of lightning hits you!!!
* * * LOW HITPOINT WARNING * * *
You feel much better. The wizard barely misses you.
You barely miss the wizard. You miss the wizard.
Electricity crackles from the ironbound thunderhulk's apparatus.
The bolt of lightning hits you!!!
You die...

#...##......... {
#....##.........
#...#.##......... .. {
#...##.##..)...... ... #
##...###.##.........
#...#+#...##.#$##.........
#....O..##..####......)).
#....†##......+......)..
'...).p@......#######)##
#.....##......# #......
#......{##..#### #......
#...#+#.. ##.#)# #......
...## ##{. ###.# #......
..# #. #.# #...... .# #.
#.# #...... # #...... #
#......


You could see an ironbound thunderhulk and a wizard (invisible).

Vanquished Creatures
  Saint Roka (Orc:2)
  Jorgrun (Orc:2)
  A deep elf blademaster (Elf:2)
  3 krakens
  Polyphemus (Shoals:4)
  Frances (Shoals:2)
  Kirke (D:15)
  A tengu reaver (Vaults:1)
  Roxanne (Shoals:4)
  6 vault wardens (Vaults:1)
  Louise (D:15)
  2 orc warlords
  A ghoul (D:14)
  The ghost of Ownasasm the Imperceptible, an adept KoEn of Hepliaklqana (Orc:1)
  4 ironbound preservers (Vaults:1)
  4 very ugly things (Vaults:1)
  3 ironbound thunderhulks (Vaults:1)
  A quicksilver ooze (Gauntlet)
  A deep elf demonologist (Elf:1)
  A spark wasp (shapeshifter) (Elf:1)
  A minotaur (Gauntlet)
  Azrael (D:12)
  5 dire elephants (Vaults:1)
  12 merfolk impalers
  6 merfolk javelineers
  Josephine (D:14)
  2 vault guards (Vaults:1)
  A great orb of eyes (Vaults:1)
  8 boulder beetles
  Fannar (D:12)
  3 ogre magi
  7 centaur warriors
  4 hydras
  4 merfolk avatars (Shoals:4)
  Erica (D:8)
  A death knight (D:14)
  10 two-headed ogres
  25 dancing weapons
  7 merfolk aquamancers
  2 catoblepae
  2 tengu warriors (D:14)
  2 alligator snapping turtles (Shoals:4)
  8 death yaks
  3 satyrs
  4 orc high priests
  A titan zombie (D:15)
  A storm dragon zombie (D:15)
  A fire crab (shapeshifter) (D:15)
  Sonja (Lair:5)
  14 deep elf knights
  8 skeletal warriors
  A sixfirhy (Gauntlet)
  17 sea snakes
  7 deep trolls (Vaults:1)
  13 deep elf archers
  4 wizards
  A phantasmal warrior (D:15)
  Pikel (D:8)
  18 harpies
  8 lindwurms
  3 ironbound convokers (Vaults:1)
  2 orc knights
  27 deep elf pyromancers
  7 cyclopes
  20 deep elf zephyrmancers
  3 necromancers
  13 manticores
  13 fauns
  A frost giant zombie (D:15)
  13 ugly things
  5 orc sorcerers
  25 elephants
  6 merfolk sirens
  2 centaur zombies (D:14)
  7 water nymphs
  Maurice (Orc:1)
  4 vault sentinels (Vaults:1)
  4 torpor snails
  A stone giant skeleton (D:15)
  5 black mambas
  13 cane toads
  An unseen horror (D:12)
  12 komodo dragons
  A freezing wraith (D:14)
  An efreet (D:15)
  Psyche (D:8)
  A kobold demonologist (D:9)
  3 rime drakes
  12 yaktaurs (Vaults:1)
  A tengu conjurer (D:14)
  35 merfolk
  7 trolls
  11 polar bears
  6 wind drakes
  8 hornets (Lair:6)
  9 snapping turtles
  12 blink frogs
  10 slime creatures
  A jumping spider (Lair:3)
  A meliai zombie (D:14)
  4 wyverns
  5 shadows
  2 air elementals
  6 water elementals
  72 yaks
  13 spriggans (Lair:6)
  6 wraiths
  3 hogs (D:15)
  4 basilisks
  3 fire elementals
  2 humans (D:15)
  5 vampire mosquitoes
  4 neqoxecs (Orc:1)
  2 two-headed ogre zombies (D:11)
  An acid dragon (D:10)
  6 wargs
  18 water moccasins
  A floating eye (shapeshifter) (Elf:2)
  3 hell hounds (D:12)
  2 sky beasts (D:7)
  35 orc warriors
  5 ice beasts
  8 black bears
  13 ogres
  9 boggarts
  51 wolves
  16 centaurs
  2 elf zombies (Ossuary)
  3 kobold brigands
  14 gnoll sergeants
  12 bullfrogs
  3 scorpions
  3 earth elementals
  A necrophage (D:6)
  10 wights
  2 troll zombies (D:11)
  17 killer bees
  2 howler monkeys
  4 electric eels
  8 hounds
  3 quasits (Orc:1)
  3 human zombies (Ossuary)
  31 orc priests
  A jelly (D:6)
  7 gnoll shamans
  Jessica (D:13)
  4 iguanas
  Ijyb (D:4)
  5 hell rats (Lair:6)
  29 orc wizards
  4 ogre zombies (D:11)
  4 centaur simulacra
  6 mummies
  7 adders
  52 gnolls
  5 white imps
  A howler monkey simulacrum (D:9)
  5 ufetubi
  2 adder zombies (Ossuary)
  A worm (D:3)
  2 dart slugs
  112 orcs
  5 ball pythons
  6 endoplasms
  A giant cockroach (D:1)
  2 gnoll zombies (Ossuary)
  3 goblins
  6 hobgoblins
  5 jackals (D:10)
  16 kobolds
  3 quokkas
  4 bats
  7 frilled lizards
  3 goblin zombies (D:11)
  A hobgoblin skeleton (D:11)
  A jackal zombie (Ossuary)
  A kobold zombie (Ossuary)
  21 orc zombies
  6 rats
  3 tentacles (Shoals:4)
1321 creatures vanquished.

Vanquished Creatures (others)
  A great orb of eyes (Vaults:1)
  A deep elf knight (Elf:1)
  2 fauns (Shoals:2)
  A merfolk siren (Shoals:2)
  A water nymph (Shoals:4)
  4 demonic plants (Gauntlet)
  41 fungi
  122 plants
  7 tentacles
  3 withered plants (D:15)
183 creatures vanquished.

Grand Total: 1504 creatures vanquished

Notes
Turn   | Place    | Note
-------+----------+-------------------------------------------
     0 | D:1      | Murumi the Formicid Fighter began the quest for the Orb.
     0 | D:1      | Reached XP level 1. HP: 18/18 MP: 1/1
   199 | D:1      | Reached XP level 2. HP: 24/24 MP: 2/2
   204 | D:1      | Found Ripnoned's Book Shop.
  1045 | D:2      | Reached XP level 3. HP: 27/30 MP: 3/3
  1101 | D:2      | Found a faded altar of an unknown god.
  1233 | D:2      | Found the +5 demon whip "Spellbinder" {antimagic, Will+}
  1338 | D:2      | Identified the +7 quarterstaff of Action {vorpal, Dex+2}
  1766 | D:3      | Reached skill level 1 in Stealth
  1766 | D:3      | Reached skill level 1 in Dodging
  1766 | D:3      | Reached XP level 4. HP: 36/37 MP: 1/4
  1998 | D:3      | Reached XP level 5. HP: 41/42 MP: 1/5
  2103 | D:3      | Reached skill level 5 in Shields
  2105 | D:3      | Reached XP level 6. HP: 34/48 MP: 2/6
  2365 | D:4      | Found a snail-covered altar of Cheibriados.
  2669 | D:4      | Noticed Ijyb
  2686 | D:4      | Killed Ijyb
  2919 | D:5      | Entered Level 5 of the Dungeon
  2981 | D:5      | Reached XP level 7. HP: 55/55 MP: 2/7
  3076 | D:5      | Reached skill level 5 in Fighting
  3076 | D:5      | Reached skill level 1 in Evocations
  3112 | D:5      | Reached skill level 5 in Armour
  3215 | D:5      | Reached XP level 8. HP: 62/62 MP: 2/8
  3755 | D:6      | Found a sand-covered staircase.
  3759 | Ossuary  | Entered an ossuary
  3807 | Ossuary  | Reached skill level 5 in Maces & Flails
  4070 | D:6      | Reached XP level 9. HP: 69/69 MP: 6/9
  4105 | D:6      | Found a staircase to the Ecumenical Temple.
  4115 | Temple   | Entered the Ecumenical Temple
  4369 | Temple   | Became a worshipper of Warmaster Okawaru
  4399 | D:6      | Reached skill level 1 in Invocations
  5102 | D:7      | Reached * piety under Okawaru
  5511 | D:8      | Noticed Psyche
  5512 | D:8      | Found a flagged portal.
  5515 | D:8      | Reached ** piety under Okawaru
  5516 | D:8      | Reached XP level 10. HP: 79/79 MP: 7/13
  5523 | D:8      | Killed Psyche
  5524 | D:8      | Reached skill level 5 in Stealth
  5531 | Bailey   | Entered a bailey
  5918 | Bailey   | Identified the +5 hand axe "Tarod" {drain, Fly rPois rF-
                  | Will+++}
  5944 | Bailey   | Identified the +2 pair of boots of Gestures {-Tele +Inv
                  | rN+++ MP-9}
  6212 | D:8      | Reached *** piety under Okawaru
  6215 | D:8      | Noticed Pikel
  6234 | D:8      | Killed Pikel
  6392 | D:8      | Identified the +1 robe "Put-Me-On" {Dex+4}
  6643 | D:8      | Reached skill level 5 in Invocations
  6652 | D:8      | Reached **** piety under Okawaru
  6673 | D:8      | Noticed Erica
  6682 | D:8      | Killed Erica
  6683 | D:8      | Reached XP level 11. HP: 79/86 MP: 2/14
  6876 | D:8      | Reached skill level 10 in Shields
  7180 | D:9      | Found a staircase to the Lair.
  7250 | D:9      | Reached ***** piety under Okawaru
  7399 | D:9      | Received a gift from Okawaru
  7629 | D:9      | Noticed a seven-headed hydra
  7641 | D:9      | Killed a seven-headed hydra
  8045 | D:9      | Reached skill level 5 in Evocations
  8520 | D:10     | Entered Level 10 of the Dungeon
  8697 | D:10     | Noticed a two-headed ogre
  8722 | D:10     | Killed a two-headed ogre
  8723 | D:10     | Reached XP level 12. HP: 37/95 MP: 3/16
  8784 | D:10     | Noticed a two-headed ogre
  8801 | D:10     | Killed a two-headed ogre
  8806 | D:10     | Learned a level 3 spell: Lesser Beckoning
  9131 | D:10     | Reached skill level 10 in Fighting
  9168 | D:10     | Reached skill level 1 in Spellcasting
  9192 | D:10     | Found Gumiufa's Antique Weapon Boutique.
  9293 | D:10     | Reached skill level 1 in Translocations
  9295 | D:10     | Received a gift from Okawaru
 10174 | D:11     | Found a staircase to the Orcish Mines.
 10363 | D:11     | Noticed a boulder beetle
 10446 | D:11     | Killed a boulder beetle
 10884 | D:11     | Noticed a boulder beetle
 10903 | D:11     | Killed a boulder beetle
 10903 | D:11     | Received a gift from Okawaru
 11194 | D:11     | Reached skill level 10 in Armour
 11805 | D:1      | Bought a manual of Stealth for 880 gold pieces
 11980 | Lair:1   | Entered Level 1 of the Lair of Beasts
 12347 | Lair:1   | Reached XP level 13. HP: 97/103 MP: 3/19
 12387 | Lair:1   | Reached skill level 10 in Stealth
 13566 | Lair:2   | Reached ****** piety under Okawaru
 14795 | Lair:2   | Found a staircase to the Shoals.
 14955 | Lair:2   | Reached skill level 5 in Spellcasting
 14976 | Lair:2   | Received a gift from Okawaru
 15426 | Lair:3   | Noticed a seven-headed hydra
 15445 | Lair:3   | Killed a seven-headed hydra
 15800 | Lair:3   | Reached XP level 14. HP: 95/113 MP: 4/21
 16095 | Lair:3   | Found a hole to the Spider Nest.
 17301 | Lair:4   | Reached skill level 10 in Maces & Flails
 17513 | Lair:4   | Received a gift from Okawaru
 18226 | Lair:4   | Reached skill level 15 in Stealth
 18750 | Lair:5   | Noticed Sonja
 18771 | Lair:5   | Killed Sonja
 18904 | Lair:5   | Received a gift from Okawaru
 18950 | Lair:5   | Found a gate leading to a gauntlet.
 18960 | Gauntlet | Entered a Gauntlet
 18960 | Gauntlet | Found a transporter.
 19276 | Gauntlet | Found a transporter.
 19276 | Gauntlet | Found a transporter.
 19283 | Gauntlet | Found a transporter.
 19298 | Gauntlet | Found a transporter.
 19303 | Gauntlet | Found a transporter.
 19318 | Gauntlet | Found a transporter.
 19337 | Gauntlet | Found a transporter.
 19347 | Gauntlet | Noticed a quicksilver ooze
 19349 | Gauntlet | Found a transporter.
 19361 | Gauntlet | Found a transporter.
 19367 | Gauntlet | Found a transporter.
 19367 | Gauntlet | Found a transporter.
 19372 | Gauntlet | Found the +3 crown of Dyrovepreva {rElec Int+2 SInv}
 19379 | Gauntlet | Noticed a cacodemon
 19382 | Gauntlet | Found a transporter.
 19391 | Gauntlet | Noticed a dire elephant
 19394 | Gauntlet | Found a transporter.
 19411 | Gauntlet | Found a transporter.
 19433 | Gauntlet | Found a transporter.
 19433 | Gauntlet | Found a transporter.
 19544 | Gauntlet | Found a transporter.
 19804 | Gauntlet | Reached XP level 15. HP: 71/119 MP: 4/22
 20093 | Gauntlet | Killed a quicksilver ooze
 20102 | Gauntlet | Identified the +2 cloak of Coin {Harm}
 20142 | Gauntlet | Identified the +6 hand crossbow of Obsession {venom, rN+
                  | Dex+3 Stlth-}
 20142 | Gauntlet | Identified the ring of Suspicion {Will+ Int+4 Dex+6}
 20252 | Gauntlet | Identified the +10 dagger of Twilight {flame, Dex+3}
 20254 | Gauntlet | Identified the +1 troll leather armour of the Oily God
                  | {Will+ Regen+ Int+4 Slay-2}
 20397 | Lair:5   | Received a gift from Okawaru
 20753 | Lair:5   | Found a viscous altar of Jiyva.
 20753 | Lair:5   | Found a staircase to the Slime Pits.
 21101 | Lair:6   | Entered Level 6 of the Lair of Beasts
 21323 | Lair:6   | Identified the +7 spear "Hydraslayer" {freeze, rC+ Will+
                  | Int+2}
 21739 | Lair:6   | Reached skill level 5 in Dodging
 22055 | Lair:6   | Reached skill level 5 in Translocations
 22227 | Lair:6   | Identified the +0 plate armour "Lazy" {Rampage *Corrode
                  | rElec Regen+} (Okawaru gifted it to you on level 6 of the
                  | Lair of Beasts)
 22227 | Lair:6   | Received a gift from Okawaru
 23468 | Orc:1    | Entered Level 1 of the Orcish Mines
 23496 | Orc:1    | Found a radiant altar of Vehumet.
 23614 | Orc:1    | Noticed an orc warlord
 23745 | Orc:1    | Killed an orc warlord
 24009 | Orc:1    | Found a transporter.
 24013 | Orc:1    | Noticed Ownasasm's ghost (adept KoEn)
 24097 | Orc:1    | Found a transporter.
 24132 | Orc:1    | Noticed Maurice
 24145 | Orc:1    | Killed Maurice
 24430 | Orc:1    | Killed Ownasasm's ghost
 24479 | Orc:1    | Identified the ring "Soow" {Will+ Dex+6}
 24504 | Orc:2    | Entered Level 2 of the Orcish Mines
 24548 | Orc:2    | Found a staircase to the Elven Halls.
 24988 | Orc:2    | Found Hugie's Book Emporium.
 25097 | Orc:2    | Noticed Jorgrun
 25128 | Orc:2    | Killed Jorgrun
 25129 | Orc:2    | Reached XP level 16. HP: 110/129 MP: 1/25
 25216 | Orc:2    | Found Puvvynt's Weapon Emporium.
 25295 | Orc:2    | Noticed Saint Roka
 25489 | Orc:2    | Found Mureysih's Antique Weapon Emporium.
 25818 | Orc:2    | Killed Saint Roka
 25818 | Orc:2    | Identified the +6 plate armour "Lech" {rN+ Int-4 Dex+6}
                  | (Okawaru gifted it to you on level 2 of the Orcish Mines)
 25818 | Orc:2    | Received a gift from Okawaru
 27021 | Orc:2    | Found Roewept's Antique Armour Shop.
 27023 | Orc:2    | Found Efuoqos's Antique Weapon Boutique.
 27598 | D:12     | Found a shimmering blue altar of Sif Muna.
 27753 | D:12     | Identified the +4 chain mail of Salvation {rF+}
 27935 | D:12     | Found Zeyj's Armour Emporium.
 27944 | D:12     | Noticed Fannar
 27953 | D:12     | Killed Fannar
 28025 | D:12     | Noticed Azrael
 28041 | D:12     | Killed Azrael
 28042 | D:12     | Reached skill level 15 in Shields
 28189 | D:13     | You fall into a shaft and drop 2 floors!
 28189 | D:15     | Entered Level 15 of the Dungeon
 28189 | D:15     | Found a staircase to the Depths.
 29276 | D:13     | Found a gate to the Vaults.
 29339 | D:13     | Received a gift from Okawaru
 29814 | D:13     | Found a sparkling altar of Nemelex Xobeh.
 29814 | D:13     | Noticed Jessica
 29818 | D:13     | Killed Jessica
 30069 | D:14     | Noticed Josephine
 30083 | D:14     | Killed Josephine
 30093 | D:14     | Reached XP level 17. HP: 132/136 MP: 5/26
 30373 | D:14     | Identified the +3 chain mail "Vatischink" {MP-9 Dex+7 SInv}
 30867 | D:15     | Received a gift from Okawaru
 31161 | D:15     | Noticed Kirke
 31194 | D:15     | Killed Kirke
 31572 | D:15     | Noticed Louise
 31580 | D:15     | Found a white marble altar of Elyvilon.
 31588 | D:15     | Killed Louise
 31692 | D:15     | Received a gift from Okawaru
 32521 | Shoals:1 | Entered Level 1 of the Shoals
 34154 | Shoals:2 | Found Reumumi's Assorted Antiques.
 34176 | Shoals:2 | Bought a scroll of silence for 232 gold pieces
 34176 | Shoals:2 | Bought a potion of might for 124 gold pieces
 34534 | Shoals:2 | Received a gift from Okawaru
 34925 | Shoals:2 | Noticed Frances
 34939 | Shoals:2 | Killed Frances
 35059 | Shoals:2 | Reached XP level 18. HP: 145/146 MP: 9/28
 35067 | Shoals:2 | Noticed a kraken
 35109 | Shoals:2 | Killed a kraken
 37880 | Shoals:4 | Entered Level 4 of the Shoals
 37908 | Shoals:4 | Reached skill level 10 in Invocations
 38003 | Shoals:4 | Noticed Roxanne
 39057 | Shoals:4 | Found Cozacvij's Weapon Emporium.
 39422 | Shoals:4 | Noticed a kraken
 39451 | Shoals:4 | Killed a kraken
 39616 | Shoals:4 | Identified the +11 great mace of Resourcefulness {vorpal,
                  | Int-4 Dex+2 SInv} (Okawaru gifted it to you on level 4 of
                  | the Shoals)
 39616 | Shoals:4 | Received a gift from Okawaru
 40622 | Shoals:4 | Reached skill level 15 in Fighting
 40798 | Shoals:4 | Identified the +7 ring mail of Oblivion {rElec rF++ Str+4
                  | Int+3} (Okawaru gifted it to you on level 4 of the Shoals)
 40798 | Shoals:4 | Received a gift from Okawaru
 40811 | Shoals:4 | Identified the ring of Moodiness {Fly rPois Int+6}
 40879 | Shoals:4 | Noticed a kraken
 40905 | Shoals:4 | Killed a kraken
 41197 | Shoals:4 | Noticed Polyphemus
 41231 | Shoals:4 | Killed Polyphemus
 41255 | Shoals:4 | Reached skill level 15 in Armour
 41731 | Shoals:4 | Reached XP level 19. HP: 126/155 MP: 5/29
 41975 | Shoals:4 | Killed Roxanne
 42159 | Shoals:4 | Got a barnacled rune of Zot
 42384 | Elf:1    | Entered Level 1 of the Elven Halls
 42704 | Elf:1    | Received a gift from Okawaru
 42856 | Elf:1    | Found Ostofy's Weapon Emporium.
 44191 | Elf:1    | Gained mutation: You sometimes lose the ability to read
                  | scrolls when taking damage. [a neqoxec]
 44224 | Elf:1    | Lost mutation: You sometimes lose the ability to read
                  | scrolls when taking damage. [potion of mutation]
 44224 | Elf:1    | Gained mutation: Your muscles are strong. (Str +2) [potion
                  | of mutation]
 44224 | Elf:1    | Gained mutation: You are dopey. (Int -2) [potion of
                  | mutation]
 44335 | Elf:1    | Received a gift from Okawaru
 45459 | Elf:2    | Identified the +3 crystal plate armour of Resilience {Dex+5
                  | Slay-6} (Okawaru gifted it to you on level 2 of the Elven
                  | Halls)
 45459 | Elf:2    | Received a gift from Okawaru
 45481 | Elf:2    | Found a runed translucent gate.
 45481 | Elf:2    | Found a runed translucent gate.
 45481 | Elf:2    | Found a runed translucent gate.
 45668 | Elf:2    | Found Aciaqoj's Distillery.
 46145 | Elf:2    | Noticed a deep elf blademaster
 46187 | Elf:2    | Killed a deep elf blademaster
 46236 | Elf:2    | Reached XP level 20. HP: 109/164 MP: 7/32
 47195 | Vaults:1 | Entered Level 1 of the Vaults
 47260 | Vaults:1 | Identified the +11 dagger of the Flying Seeker {vorpal,
                  | rElec Str+9 Dex-4} (Okawaru gifted it to you on level 1 of
                  | the Vaults)
 47260 | Vaults:1 | Received a gift from Okawaru
 48226 | Vaults:1 | Received a gift from Okawaru
 49109 | Vaults:1 | Received a gift from Okawaru
 49110 | Vaults:1 | Reached skill level 10 in Evocations
 49381 | Vaults:1 | Killed from afar by an ironbound thunderhulk

Illustrated notes

Levels and vault maps discovered:
D:1:      tarquinn_simple_flora_water_f, layout_rooms, serial_shops, shop_coins,
          grunt_decor_mini_mirrors, minmay_pentomino_z4
D:2:      layout_basic, hellmonk_ecumenical_altar_zigzags,
          corexii_leaking_fountain, kennysheep_potato
D:3:      layout_rooms, grunt_ministairs_10
D:4:      layout_rooms, slow_altar_1, chequers_serial_rivers_room_a,
          chequers_serial_rivers_room_b, uniq_ijyb
D:5:      layout_basic
D:6:      layout_cave_pools, minmay_temple_entry_wispy,
          lightli_ossuary_entry_decrepit_ruins
D:7:      layout_basic
D:8:      layout_gridville, enter_bailey_6, uniq_pikel, uniq_psyche, uniq_erica
D:9:      layout_basic, minmay_lair_entry_grove, serial_ice, serial_ice_f,
          serial_ice_n, serial_ice_o, serial_ice_d, serial_ice_m, serial_ice_h,
          lemuel_old_faithful
D:10:     layout_cave_pools, serial_gnoll_camp, gnoll_camp_mini_shop,
          gnoll_camp_mini_loothouse, gnoll_camp_medium_02,
          gnoll_camp_huts_basic, gnoll_camp_mini_hut, minmay_joined_circles
D:11:     layout_stronghold, zombieorc2_lemuel, kennysheep_cluttered_room,
          blue_anna_alchemist
D:12:     layout_loops_ring, serial_glass, glass_columns_a, glass_columns_a,
          minmay_strange_pillars, feat_on_display, due_unseen_surprise,
          serial_shops, shop, nicolae_sif_muna_condensation, uniq_azrael,
          uniq_fannar
D:13:     layout_rooms, david_vaults_1, nemelex_lonely_heart_becter
D:14:     layout_loops_ring, nicolae_two_hexagons, serial_undead,
          serial_undead_b, serial_undead_e, serial_undead_c, serial_undead_f,
          uniq_josephine
D:15:     gammafunk_depths_entry_grave, layout_rooms, elyvilon_altar_3,
          grunt_ministairs_14, kennysheep_pointless_box, uniq_kirke, uniq_louise
Temple:   nicolae_temple_the_god_donut
Lair:1:   layout_misc_corridors, nicolae_lair_grazing_beasts
          [nicolae_sub_lair_graze_edge, nicolae_sub_lair_graze_edge,
          nicolae_sub_lair_graze_edge, nicolae_sub_lair_graze_edge],
          grunt_megastairs_5
Lair:2:   layout_big_grid, elwin_shoals_entry_rooms, beast_lair_carwin_11,
          grunt_megastairs_4, lemuel_fruit_fields
Lair:3:   layout_gridlike, spider_nest_entry_a, serial_bayou_crossing,
          grunt_megastairs_3, lemuel_fruit_tree
Lair:4:   layout_regular_city
Lair:5:   layout_gridlike, dpeg_slime_entry_enclosed_altar,
          gauntlet_entry_generic, uniq_sonja
Lair:6:   minmay_lair_end_enchanted_forest, layout_layer_cave,
          dreamdust_mushroom_princess, nzn_sisyphean_effort, grunt_megastairs_1
Shoals:1: layout_shoals
Shoals:2: layout_shoals, serial_shops, shop_statue, nicolae_shoals_so_close,
          uniq_frances
Shoals:3: layout_shoals
Shoals:4: shoals_end_simple, layout_shoals, serial_shops, shop, uniq_polyphemus,
          uniq_roxanne
Orc:1:    layout_caves, gammafunk_ghost_stat_death, basic_altar, uniq_maurice
Orc:2:    grunt_orc_community_town_hall, layout_diamond_mine,
          grunt_orc_community_big_house_1, grunt_orc_community_big_house_2,
          grunt_orc_community_house_1, grunt_orc_community_house_1,
          grunt_orc_community_house_3, grunt_orc_community_house_2,
          serial_shops, nicolae_shop_advertising_works
          [nicolae_subvault_shop_adworks], uniq_jorgrun, uniq_saint_roka
Elf:1:    eino_elf_arrival_sip, layout_loops_cross, serial_shops,
          nicolae_shop_bloodbath_and_beyond, hangedman_corner_corridor,
          grunt_ministairs_14, nicolae_elf_glass_and_crystal_pillar_2
Elf:2:    elven_hall_of_blades_hangedman_original [mumra_blade_entry_dagger],
          layout_geoelf_octagon, serial_shops, nicolae_shop_trees
Vaults:1: st_more_cells, nicolae_vaults_network_s, nicolae_vaults_arrows,
          nicolae_vaults_little_squares_6, v_pattern_3, hangedman_vaults_trim,
          vaults_dpeg_doors, vaults_mumra_hex, v_misc_2, vaults_room_semicircle,
          ontoclasm_vaults_decontamination, vaults_mumra_lcd,
          layout_vaults_omnibox

Skill      XL: |  1  2  3  4  5  6  7  8  9 10 11 12 13 14 15 16 17 18 19 20 |
---------------+-------------------------------------------------------------+-----
Shields        | 4 5 6 7 8 9 10 11 12 13 14 15 16 17 18 19 | 19.0
Fighting       | 4 5 6 7 8 9 10 11 12 13 14 15 16 | 16.8
Armour         | 4 5 7 8 9 10 12 13 14 15 16 | 16.0
Stealth        | 2 3 4 6 7 9 14 15 17 18 19 | 19.0
Dodging        | 1 2 3 4 5 6 7 |  7.0
Maces & Flails | 3 4 5 6 7 8 9 10 11 12 13 14 | 14.0
Evocations     | 2 3 4 5 6 7 8 9 10 | 10.0
Invocations    | 4 5 6 7 8 9 10 11 | 11.0
Spellcasting   | 4 5 6 7 8 |  8.0
Translocations | 3 4 5 6 7 |  7.0

Action                   |  1- 3 |  4- 6 |  7- 9 | 10-12 | 13-15 | 16-18 | 19-21 || total
-------------------------+-------+-------+-------+-------+-------+-------+-------++-------
Melee: Flail             |    53 |       |       |       |       |       |       ||    53
       Demon whip        |    19 |    94 |   265 |   966 |  1904 |  2070 |  1108 ||  6426
Invok: Heroism           |       |       |       |    14 |     9 |    15 |    10 ||    48
       Finesse           |       |       |       |       |     2 |     8 |     2 ||    12
 Abil: Dig               |       |       |       |     4 |    12 |     6 |     7 ||    29
  Use: Scroll            |     5 |     7 |     9 |    11 |     4 |     2 |     3 ||    41
       Potion            |       |       |       |     1 |     2 |     6 |     4 ||    13
 Stab: Distracted        |       |       |       |     1 |     4 |     5 |    14 ||    24
       Sleeping          |       |       |       |       |    15 |    67 |    22 ||   104
       Invisible         |       |       |       |       |       |       |     6 ||     6
Armor: Scale mail        |    33 |     3 |       |       |       |       |       ||    36
       Chain mail        |       |    30 |   176 |       |       |       |       ||   206
       Plate armour      |       |       |    13 |   350 |   386 |       |       ||   749
       Shadow dragon sca |       |       |       |       |   189 |   478 |   195 ||   862
Dodge: Dodged            |    31 |    18 |   105 |   242 |   327 |   402 |   148 ||  1273
Block: Buckler           |     9 |    15 |    99 |   147 |       |       |       ||   270
       Tower shield      |       |       |       |   147 |  1304 |  1523 |   605 ||  3579
       Kite shield       |       |       |       |    85 |       |       |       ||    85

Table legend: (Time is in decaauts)
 A = Elapsed time spent in this place.
 B = Non-inter-level travel time spent in this place.
 C = Inter-level travel time spent in this place.
 D = Time resting spent in this place.
 E = Time spent auto-exploring this place.
 F = Levels seen in this place.
 G = Mean time per level.
                   A        B        C        D        E       F      G
               +--------+--------+--------+--------+--------+-----+--------+
         Total |  47475 |  44047 |   3428 |   4308 |  29806 |  34 | 1396.3 |
       Dungeon |  15686 |  13761 |   1925 |    464 |  10093 |  15 | 1045.7 |
        Temple |    265 |    240 |     25 |      0 |    224 |   1 |  265.0 |
          Lair |   9940 |   9243 |    697 |    328 |   6629 |   6 | 1656.7 |
        Shoals |   9219 |   8855 |    364 |   1888 |   5404 |   4 | 2304.8 |
  Orcish Mines |   3717 |   3524 |    193 |    220 |   2410 |   2 | 1858.5 |
   Elven Halls |   4487 |   4330 |    157 |    726 |   2761 |   2 | 2243.5 |
        Vaults |   1957 |   1894 |     63 |     49 |   1342 |   1 | 1957.0 |
       Ossuary |    285 |    285 |      0 |     29 |    141 |   1 |  285.0 |
        Bailey |    614 |    614 |      0 |     51 |    291 |   1 |  614.0 |
      Gauntlet |   1300 |   1300 |      0 |    550 |    510 |   1 | 1300.0 |
               +--------+--------+--------+--------+--------+-----+--------+

Top non-repeatable levels by time:
Shoals:4: 3273 daAuts
   Elf:1: 2637 daAuts
   Orc:2: 2458 daAuts
Shoals:3: 2348 daAuts
Shoals:2: 2260 daAuts
  Lair:2: 2136 daAuts
  Lair:6: 1987 daAuts
Vaults:1: 1957 daAuts
  Lair:4: 1892 daAuts
    D:11: 1860 daAuts
   Elf:2: 1849 daAuts
    D:15: 1562 daAuts
     D:9: 1424 daAuts
  Lair:3: 1356 daAuts
Shoals:1: 1338 daAuts
